 Dungeon Sprint DCSS version 0.17.1-3-g152610e (webtiles) character file.

15798 hexophile the Impaler (level 12, -3/108 HPs)
             Began as a Formicid Fighter on Apr 20, 2016.
             Was the Champion of Cheibriados.
             Incinerated by a smoke demon (16 damage)
             ... with a sticky flame
             ... in the Dungeon (Sprint IX: "|||||||||||||||||||||||||||||").
             The game lasted 00:04:24 (1888 turns).

hexophile the Impaler (Formicid Fighter)            Turns: 1888, Time: 00:04:25

Health: -3/108     AC: 24    Str: 40    XL:     12   Next: 62%
Magic:  3/20       EV:  9    Int: 24    God:    Cheibriados [******]
Gold:   1422       SH: 17    Dex: 25    Spells: 0 memorised, 19 levels left

rFire  . . .     SeeInvis +     p - +2 halberd (protect)
rCold  . . .     Clarity  .     n - +1 chain mail
rNeg   . . .     SustAt   .     c - +0 shield
rPois  .         Gourm    .     (helmet unavailable)
rElec  .         Spirit   .     a - +0 cloak
rCorr  .         Warding  .     w - +0 pair of gloves
rMut   .         Stasis   +     v - +0 pair of boots
MR     +....                    (no amulet)
Stlth  ..........               (no ring)
                                b - +2 ring of protection

@: liquid flames, glowing, very slow, somewhat resistant to hostile
enchantments, extremely unstealthy
A: permanent stasis, dig shafts and tunnels, four strong arms, antennae 3
a: Dig, Bend Time, Temporal Distortion, Slouch, Step From Time, Renounce
Religion


You were in the Dungeon.
You worshipped Cheibriados.
Cheibriados was exalted by your worship.
You were not hungry.

You visited 1 branch You collected 1422 gold pieces.


Innate Abilities, Weirdness & Mutations

You are under a permanent stasis effect.
You can dig through walls and to a lower floor.
Your four strong arms can wield two-handed weapons with a shield.
You have a pair of large antennae on your head (SInv).

Inventory:

Hand Weapons
 p - a +2 halberd of protection (weapon)
Armour
 a - a +0 cloak (worn)
 c - a +0 shield (worn)
 n - a +1 chain mail (worn)
 v - a +0 pair of boots (worn)
 w - a +0 pair of gloves (worn)
Jewellery
 b - a +2 ring of protection (left hand)
Wands
 m - a wand of draining (7)
Scrolls
 e - 3 scrolls of remove curse
 k - 2 scrolls of blinking
 l - 3 scrolls of fear
 o - 2 scrolls of enchant armour
 q - 2 scrolls of identify
Potions
 d - 2 potions of invisibility
 f - 7 potions of curing
 g - 6 potions of heal wounds
 h - a potion of haste
 i - 4 potions of magic
 j - 2 potions of berserk rage
 s - a potion of resistance {rF+ rC+ rPois rElec rCorr}
Comestibles
 r - 13 bread rations
 t - 40 fruits
 u - 12 meat rations


You had 19 spell levels left.
You didn't know any spells.


   Skills:
 * Level 14.8 Fighting
 * Level 18.2 Polearms
 * Level 12.0 Armour
 * Level 15.9 Shields
 * Level 4.1 Spellcasting
 - Level 11.6 Invocations

Dungeon Overview and Level Annotations

Branches:
Dungeon (1/1)

Altars:
Cheibriados
Dithmenos
Elyvilon
Fedhas
Gozag
Kikubaaqudgha
Makhleb
Nemelex Xobeh
Okawaru
Qazlal
Ru
Sif Muna
Trog
Vehumet
Xom
Yredelemnul
Zin
The Shining One
Beogh
Jiyva
Lugonu

Shops:
D !}*?

Vault maps used:
D:        linesprint
There     were no monsters in sight!


Message History

The sticky flame hits you!
You are covered in liquid flames!
You hit the orc high priest.
The orc high priest is moderately wounded.
You are covered in liquid flames!
* * * LOW HITPOINT WARNING * * *
You block the orc high priest's attack. You block the smoke demon's attack.
The smoke demon hits you but does no damage.
You block the smoke demon's attack.
You lost 4 HP.
You have now: 31/108 HP.
Unknown command.
Unknown command.
You closely miss the orc high priest.
The orc high priest is moderately wounded.
You are covered in liquid flames!
* * * LOW HITPOINT WARNING * * *
You lost 2 HP.
You have now: 29/108 HP.
You hit the orc high priest.
The orc high priest is moderately wounded.
You are covered in liquid flames!
* * * LOW HITPOINT WARNING * * *
You block the smoke demon's attack. The smoke demon barely misses you.
The smoke demon hits you but does no damage.
The orc high priest calls down the wrath of Beogh upon you.
Pain shoots through your body!
* * * LOW HITPOINT WARNING * * *
You lost 10 HP.
You have now: 19/108 HP.
You slice the orc high priest!!
The orc high priest is severely wounded.
You are covered in liquid flames!
* * * LOW HITPOINT WARNING * * *
The smoke demon gestures at you. The sticky flame hits you!
You are covered in liquid flames!
The orc high priest hits you but does no damage.
You lost 2 HP.
You have now: 17/108 HP.
You slice the orc high priest!!
You kill the orc high priest!
Cheibriados thoroughly appreciates the change of pace.
Your Armour skill increases to level 12!
Your Spellcasting skill increases to level 4!
You are covered in liquid flames!
* * * LOW HITPOINT WARNING * * *
The smoke demon disappears in a puff of smoke!
The sixfirhy disappears in a puff of smoke!
You lost 4 HP.
You have now: 13/108 HP.
Unknown command.
Unknown command.
You are covered in liquid flames!
You die...

Action                   |  1- 3 |  4- 6 |  7- 9 | 10-12 || total
-------------------------+-------+-------+-------+-------++-------
Melee: Trident           |    42 |     2 |       |       ||    44
       Halberd           |       |    14 |    57 |   231 ||   302
Invok: Slouch            |       |       |       |     9 ||     9
  Use: Potion            |     1 |       |       |     1 ||     2
  Eat: Chunk             |       |       |       |     2 ||     2

Notes
Turn   | Place    | Note
--------------------------------------------------------------
     0 | D        | hexophile the Formicid Fighter began the quest for the Orb.
     0 | D        | Reached XP level 1. HP: 18/18 MP: 1/1
     7 | D        | Reached skill level 3 in Polearms
    27 | D        | Reached skill level 4 in Polearms
    98 | D        | Noticed a centaur
    98 | D        | Noticed an ice beast
   105 | D        | Reached skill level 5 in Polearms
   105 | D        | Reached XP level 2. HP: 24/24 MP: 2/2
   113 | D        | Reached XP level 3. HP: 25/29 MP: 3/3
   121 | D        | Killed an ice beast
   121 | D        | Reached skill level 9 in Polearms
   121 | D        | Reached XP level 4. HP: 21/35 MP: 4/4
   121 | D        | Reached XP level 5. HP: 24/41 MP: 5/5
   123 | D        | Killed a centaur
   123 | D        | Reached skill level 11 in Polearms
   123 | D        | Reached XP level 6. HP: 25/47 MP: 6/6
   232 | D        | Found a glowing silver altar of Zin.
   232 | D        | Found a glowing golden altar of the Shining One.
   232 | D        | Found an ancient bone altar of Kikubaaqudgha.
   232 | D        | Found a basalt altar of Yredelemnul.
   232 | D        | Found a shimmering altar of Xom.
   232 | D        | Found a radiant altar of Vehumet.
   233 | D        | Found an iron altar of Okawaru.
   234 | D        | Found a burning altar of Makhleb.
   235 | D        | Found a deep blue altar of Sif Muna.
   236 | D        | Found a bloodstained altar of Trog.
   237 | D        | Found a sparkling altar of Nemelex Xobeh.
   238 | D        | Found a white marble altar of Elyvilon.
   239 | D        | Found a roughly hewn altar of Beogh.
   240 | D        | Found a viscous altar of Jiyva.
   241 | D        | Found a corrupted altar of Lugonu.
   242 | D        | Found a blossoming altar of Fedhas.
   243 | D        | Found a snail-covered altar of Cheibriados.
   244 | D        | Found a shadowy altar of Dithmenos.
   245 | D        | Found a stormy altar of Qazlal.
   246 | D        | Found an opulent altar of Gozag.
   247 | D        | Found a sacrificial altar of Ru.
   264 | D        | Got the +2 morningstar of Eternal Vigilance {antimagic, rC+ Dex+2 Stlth+}
   339 | D        | Became a worshipper of Cheibriados the Contemplative
   354 | D        | Noticed an eye of draining
   354 | D        | Noticed a quasit
   354 | D        | Noticed an iguana
   354 | D        | Noticed a jelly
   356 | D        | Killed a jelly
   359 | D        | Killed an iguana
   359 | D        | Reached * piety under Cheibriados
   359 | D        | Reached skill level 12 in Polearms
   363 | D        | Killed a quasit
   363 | D        | Reached ** piety under Cheibriados
   369 | D        | Killed an eye of draining
   369 | D        | Reached skill level 13 in Polearms
   369 | D        | Reached XP level 7. HP: 52/52 MP: 0/7
   376 | D        | Noticed an unseen horror
   376 | D        | Noticed an ogre
   376 | D        | Noticed a worker ant
   376 | D        | Noticed a two-headed ogre
   376 | D        | Noticed an orc wizard
   376 | D        | Noticed a centaur warrior
   388 | D        | Killed a centaur warrior
   388 | D        | Reached skill level 7 in Fighting
   388 | D        | Reached skill level 14 in Polearms
   388 | D        | Reached skill level 8 in Shields
   388 | D        | Reached XP level 8. HP: 46/67 MP: 2/8
   390 | D        | Killed an orc wizard
   390 | D        | Reached *** piety under Cheibriados
   395 | D        | Killed a two-headed ogre
   395 | D        | Reached skill level 8 in Fighting
   395 | D        | Reached skill level 9 in Shields
   396 | D        | Killed a worker ant
   399 | D        | Killed an ogre
   399 | D        | Reached **** piety under Cheibriados
   399 | D        | Reached skill level 15 in Polearms
   403 | D        | Killed an unseen horror
   403 | D        | Reached skill level 9 in Fighting
   403 | D        | Reached skill level 10 in Shields
   403 | D        | Reached XP level 9. HP: 52/78 MP: 3/9
   581 | D        | Noticed a hippogriff
   581 | D        | Noticed a komodo dragon
   581 | D        | Noticed a spiny frog
   581 | D        | Noticed a water moccasin
   581 | D        | Noticed a crocodile
   581 | D        | Noticed a porcupine
   586 | D        | Killed a porcupine
   586 | D        | Reached skill level 10 in Fighting
   587 | D        | Noticed a yak
   591 | D        | Killed a crocodile
   596 | D        | Noticed a porcupine
   600 | D        | Killed a water moccasin
   600 | D        | Reached ***** piety under Cheibriados
   600 | D        | Reached skill level 11 in Shields
   606 | D        | Killed a spiny frog
   606 | D        | Reached skill level 4 in Armour
   606 | D        | Reached skill level 2 in Invocations
   611 | D        | Killed a komodo dragon
   611 | D        | Reached skill level 3 in Invocations
   611 | D        | Reached XP level 10. HP: 46/86 MP: 9/12
   614 | D        | Killed a hippogriff
   614 | D        | Reached skill level 5 in Armour
   614 | D        | Reached skill level 4 in Invocations
   619 | D        | Killed a yak
   619 | D        | Reached skill level 11 in Fighting
   619 | D        | Reached skill level 16 in Polearms
   621 | D        | Killed a porcupine
   773 | D        | Noticed a polar bear
   773 | D        | Noticed a water moccasin
   773 | D        | Noticed a blink frog
   773 | D        | Noticed a water moccasin
   773 | D        | Noticed a giant frog
   773 | D        | Noticed a blink frog
   776 | D        | Killed a blink frog
   776 | D        | Reached ****** piety under Cheibriados
   776 | D        | Reached skill level 12 in Shields
   776 | D        | Reached skill level 5 in Invocations
   777 | D        | Noticed a porcupine
   778 | D        | Killed a giant frog
   787 | D        | Killed a blink frog
   787 | D        | Reached skill level 6 in Armour
   789 | D        | Noticed a komodo dragon
   790 | D        | Killed a water moccasin
   791 | D        | Noticed a giant frog
   791 | D        | Killed a water moccasin
   797 | D        | Killed a polar bear
   797 | D        | Reached skill level 6 in Invocations
   799 | D        | Killed a porcupine
   805 | D        | Killed a komodo dragon
   805 | D        | Reached skill level 7 in Armour
   810 | D        | Killed a giant frog
   929 | D        | Noticed an elephant
   929 | D        | Noticed an elephant
   929 | D        | Noticed an elephant
   929 | D        | Noticed an elephant
   929 | D        | Noticed a dire elephant
   929 | D        | Noticed an elephant
   933 | D        | Killed an elephant
   933 | D        | Reached skill level 12 in Fighting
   933 | D        | Reached skill level 7 in Invocations
   941 | D        | Noticed an elephant
   947 | D        | Killed a dire elephant
   947 | D        | Reached skill level 8 in Armour
   947 | D        | Reached skill level 13 in Shields
   947 | D        | Reached skill level 8 in Invocations
   947 | D        | Reached XP level 11. HP: 49/96 MP: 15/17
   953 | D        | Killed an elephant
   965 | D        | Killed an elephant
   972 | D        | Killed an elephant
   979 | D        | Killed an elephant
   979 | D        | Reached skill level 9 in Armour
   979 | D        | Reached skill level 9 in Invocations
   987 | D        | Killed an elephant
   987 | D        | Reached skill level 17 in Polearms
  1014 | D        | Noticed an elephant
  1096 | D        | Killed an elephant
  1096 | D        | Reached skill level 13 in Fighting
  1356 | D        | Noticed an orc warrior
  1356 | D        | Noticed an orc wizard
  1356 | D        | Noticed an orc wizard
  1360 | D        | Killed an orc wizard
  1364 | D        | Killed an orc wizard
  1366 | D        | Noticed an orc priest
  1367 | D        | Killed an orc warrior
  1367 | D        | Reached skill level 14 in Shields
  1370 | D        | Noticed an orc wizard
  1376 | D        | Killed an orc priest
  1377 | D        | Killed an orc wizard
  1381 | D        | Noticed an orc priest
  1383 | D        | Noticed an orc wizard
  1388 | D        | Killed an orc priest
  1389 | D        | Killed an orc wizard
  1543 | D        | Noticed an orc knight
  1543 | D        | Noticed an orc warrior
  1543 | D        | Noticed an orc warrior
  1543 | D        | Noticed an orc knight
  1547 | D        | Noticed an orc warrior
  1554 | D        | Killed an orc knight
  1557 | D        | Noticed an orc warrior
  1558 | D        | Killed an orc warrior
  1561 | D        | Noticed an orc warrior
  1562 | D        | Killed an orc knight
  1562 | D        | Reached skill level 10 in Invocations
  1565 | D        | Noticed an orc warrior
  1565 | D        | Killed an orc warrior
  1568 | D        | Killed an orc warrior
  1572 | D        | Killed an orc warrior
  1574 | D        | Noticed an orc warrior
  1577 | D        | Killed an orc warrior
  1581 | D        | Killed an orc warrior
  1581 | D        | Reached skill level 10 in Armour
  1586 | D        | Killed an orc warrior
  1667 | D        | Found Ceniyta's Magic Scroll Boutique.
  1667 | D        | Noticed an orc knight
  1667 | D        | Noticed an orc knight
  1667 | D        | Noticed an orc knight
  1667 | D        | Noticed an orc knight
  1667 | D        | Noticed an orc knight
  1670 | D        | Noticed an orc high priest
  1674 | D        | Noticed an orc high priest
  1674 | D        | Killed an orc knight
  1681 | D        | Killed an orc knight
  1685 | D        | Killed an orc knight
  1691 | D        | Killed an orc knight
  1691 | D        | Reached skill level 11 in Invocations
  1691 | D        | Reached XP level 12. HP: 68/106 MP: 14/20
  1697 | D        | Found Ucisonwu's General Store.
  1704 | D        | Killed an orc knight
  1704 | D        | Reached skill level 14 in Fighting
  1704 | D        | Reached skill level 15 in Shields
  1712 | D        | Killed an orc high priest
  1712 | D        | Reached skill level 11 in Armour
  1712 | D        | Killed an orc high priest
  1713 | D        | Found Falux's Gadget Boutique.
  1855 | D        | Noticed an orc knight
  1856 | D        | Found Reothy's Distillery.
  1856 | D        | Noticed an orc high priest
  1857 | D        | Noticed a soul eater
  1857 | D        | Noticed an orc knight
  1867 | D        | Killed an orc knight
  1867 | D        | Reached skill level 1 in Spellcasting
  1868 | D        | Noticed an orc high priest
  1869 | D        | Noticed an orc high priest
  1872 | D        | Killed an orc knight
  1872 | D        | Killed an orc high priest
  1872 | D        | Reached skill level 18 in Polearms
  1872 | D        | Reached skill level 2 in Spellcasting
  1872 | D        | Killed an orc high priest
  1872 | D        | Reached skill level 3 in Spellcasting
  1873 | D        | Killed an orc high priest
  1874 | D        | Noticed an orc high priest
  1887 | D        | Killed an orc high priest
  1887 | D        | Reached skill level 12 in Armour
  1887 | D        | Reached skill level 4 in Spellcasting
  1888 | D        | Incinerated by a smoke demon

Table legend:
 A = Turns spent in this place as a percentage of turns spent in the entire game.
 B = Non-inter-level travel turns spent in this place as a percentage of non-inter-level travel turns spent in the entire game.
 C = Inter-level travel turns spent in this place as a percentage of turns spent in this place.
 D = Turns resting spent in this place as a percentage of non-inter-level travel turns spent in this place.
 E = Turns spent auto-exploring this place as a percentage of non-inter-level travel turns spent in this place.
 F = Non-inter-level travel turns spent in this place divided by the number of levels of this place that you've seen.
                   A       B       C       D       E      F
               +-------+-------+-------+-------+-------+----------------------
         Total | 100.0 | 100.0 |   0.0 |   5.8 |   0.2 | 1000.0
       Dungeon | 100.0 | 100.0 |   0.0 |   5.8 |   0.2 | 1000.0
               +-------+-------+-------+-------+-------+----------------------

Table legend:
 A = Kills in this place as a percentage of kills in entire the game.
 B = Kills by you in this place as a percentage of kills by you in the entire game.
 C = Kills by friends in this place as a percentage of kills by friends in the entire game.
 D = Other kills in this place as a percentage of other kills in the entire game.
 E = Experience gained in this place as a percentage of experience gained in the entire game.
 F = Experience gained in this place divided by the number of levels of this place that you have seen.
                   A       B       C       D       E      F
               +-------+-------+-------+-------+-------+----------------------
         Total | 100.0 | 100.0 |  -nan |  -nan | 100.0 | 22569.0
       Dungeon | 100.0 | 100.0 |  -nan |  -nan | 100.0 | 22569.0
               +-------+-------+-------+-------+-------+----------------------

Vanquished Creatures
  A dire elephant (D)
  A centaur warrior (D)
  6 orc high priests (D)
  An unseen horror (D)
  9 orc knights (D)
  7 elephants (D)
  A spiny frog (D)
  2 komodo dragons (D)
  A polar bear (D)
  A two-headed ogre (D)
  2 blink frogs (D)
  A yak (D)
  A hippogriff (D)
  3 water moccasins (D)
  3 porcupines (D)
  An ice beast (D)
  8 orc warriors (D)
  An eye of draining (D)
  An ogre (D)
  A centaur (D)
  A crocodile (D)
  2 giant frogs (D)
  A quasit (D)
  2 orc priests (D)
  A jelly (D)
  An iguana (D)
  5 orc wizards (D)
  A sheep (D)
  A worker ant (D)
  An adder (D)
  A shadow imp (D)
  An adder zombie (D)
  10 orcs (D)
  2 bats (D)
  A bat skeleton (D)
  A giant cockroach (D)
  A jackal (D)
  A rat (D)
86 creatures vanquished.
